 Dungeon Crawl Stone Soup version 0.29-a0-1052-g6990b1bffc (webtiles) character file.

Game seed: 11895486419903824803

3 Sabo the Gusty (level 1, 0/14 HPs)
             Began as a Demigod Air Elementalist on Aug 17, 2022.
             Slain by a quokka (1 damage)
             ... on level 1 of the Dungeon.
             The game lasted 00:00:55 (126 turns).

Sabo the Gusty (Demigod Air Elementalist)            Turns: 126, Time: 00:00:55

Health: 0/14       AC:  2    Str:  9    XL:     1   Next: 33%
Magic:  1/5        EV: 12    Int: 17    God:
Gold:   0          SH:  0    Dex: 14    Spells: 2/3 levels left

rFire   . . .      SeeInvis .   (no weapon)
rCold   . . .      Faith    .   (no shield)
rNeg    . . .      Spirit   .   a - +0 robe
rPois   .          Reflect  .   (no helmet)
rElec   .          Harm     .   (no cloak)
rCorr   .          Rampage  .   (no gloves)
Will    .....                   (no boots)
Stlth   ++........              (no amulet)
HPRegen 0.04/turn               (no ring)
MPRegen 0.09/turn               (no ring)

@: no status effects
A: high MP 1, forlorn, divine attributes
a: no special abilities


You were on level 1 of the Dungeon.
You visited 1 branch of the dungeon, and saw 1 of its levels.

Inventory:

Armour
 a - a +0 robe (worn)
Potions
 b - a potion of magic
 c - a potion of brilliance {unknown}


   Skills:
 + Level 1.8 Dodging
 + Level 1.8 Stealth
 + Level 1.8 Spellcasting
 + Level 0.8 Conjurations
 + Level 2.8 Air Magic


You had 2 spell levels left.
You knew the following spells:

 Your Spells              Type           Power      Damage    Failure   Level
a - Shock                 Conj/Air       28%        1d4       10%         1

Your spell library contained the following spells:

 Spells                   Type           Power      Damage    Failure   Level
 Static Discharge         Conj/Air       7%         3-4/arc   14%         2
 Swiftness                Air            11%        N/A       19%         3
 Airstrike                Air            5%         2d(1-17)  52%         4


Dungeon Overview and Level Annotations

Branches:
Dungeon (1/15)


Innate Abilities, Weirdness & Mutations

You have an increased reservoir of magic. (+10% MP)
You shall have no god before yourself.
Your divine heritage dramatically boosts your attributes as you level up.


Message History

Press: ? - help, Shift-Dir - straight line, f - quokka
Aim: a quokka (56% to hit)
The zap misses the quokka.
There is an open door here.
Casting: Shock (safe; 10% risk of failure)
Confirm with . or Enter, or press ? or * to list all spells.
Aiming: Shock (safe; 10% risk of failure)
Press: ? - help, Shift-Dir - straight line, f/p - quokka
Aim: a quokka (56% to hit)
The zap misses the quokka.
You completely miss the quokka. The quokka closely misses you.
The quokka bites you.
You barely miss the quokka. The quokka barely misses you.
You barely miss the quokka. The quokka barely misses you.
You barely miss the quokka. The quokka bites you.
You barely miss the quokka. The quokka barely misses you.
You closely miss the quokka. The quokka closely misses you. x2
You closely miss the quokka. The quokka barely misses you.
You hit the quokka but do no damage. The quokka closely misses you.
You barely miss the quokka. The quokka bites you.
You barely miss the quokka. The quokka barely misses you.
You closely miss the quokka. The quokka barely misses you. x2
You hit the quokka.
The quokka is moderately wounded.
The quokka barely misses you.
You barely miss the quokka.
The quokka is moderately wounded.
The quokka closely misses you.
You hit the quokka but do no damage.
The quokka is moderately wounded.
The quokka bites you.
* * * LOW HITPOINT WARNING * * *
You closely miss the quokka.
The quokka is moderately wounded.
The quokka bites you.
* * * LOW HITPOINT WARNING * * *
You miss the quokka.
The quokka is moderately wounded.
The quokka bites you.
You die...

#......# #†#
#......+ #.#
#......#########'###
...................#
######.########....#
#.# #....# #.#
#....# #.# #.r..#
#.# #.@..#
#.########'####
#.##....##.#
#.##.##~##~#
#..'..#~~~##
#.########~#
#.##~~~~~~##
#.##~#~###~# #.##
#~<~#~#


You could see a quokka.

Vanquished Creatures
  2 jackals (D:1)
  A rat (D:1)
3 creatures vanquished.

Notes
Turn   | Place    | Note
-------+----------+-------------------------------------------
     0 | D:1      | Sabo the Demigod Air Elementalist began the quest for the
                  | Orb.
     0 | D:1      | Reached XP level 1. HP: 14/14 MP: 5/5
   126 | D:1      | Slain by a quokka

Illustrated notes

Levels and vault maps discovered:
D:1:      ncdulo_wetmaze, layout_basic, shapermc_ecumenical_altar_acropolis

Action                   || total
-------------------------++-------
Melee: Unarmed           ||    16
 Cast: Shock             ||     8
Dodge: Dodged            ||    15

Table legend: (Time is in decaauts)
 A = Elapsed time spent in this place.
 B = Non-inter-level travel time spent in this place.
 C = Inter-level travel time spent in this place.
 D = Time resting spent in this place.
 E = Time spent auto-exploring this place.
 F = Levels seen in this place.
 G = Mean time per level.
                   A        B        C        D        E       F      G
               +--------+--------+--------+--------+--------+-----+--------+
         Total |    132 |    132 |      0 |     21 |      0 |   1 |  132.0 |
       Dungeon |    132 |    132 |      0 |     21 |      0 |   1 |  132.0 |
               +--------+--------+--------+--------+--------+-----+--------+

Top non-repeatable levels by time:
     D:1: 132 daAuts
